 Dungeon Crawl Stone Soup version 0.32-a0-163-g159c032296 (webtiles) character file.

Game seed: 13543786620558055001

1815 anacleto the Skirmisher (level 8, -5/39 HPs)
             Began as a Spriggan Hunter on Feb 11, 2024.
             Hit by a boomerang thrown by an orc warrior (10 damage)
             ... on level 6 of the Dungeon.
             The game lasted 00:20:22 (5994 turns).

anacleto the Skirmisher (Spriggan Hunter)           Turns: 5994, Time: 00:20:23

Health: -5/39      AC:  3    Str:  7    XL:     8   Next: 85%
Magic:  10/10      EV: 18    Int: 11    God:
Gold:   251        SH:  0    Dex: 20    Spells: 9/9 levels left

rFire   . . .        (weapon restricted)
rCold   . . .        (no shield)
rNeg    . . .        c - +0 robe
rPois   .            (helmet restricted)
rElec   .            v - +0 cloak
rCorr   .            (gloves unavailable)
SInv    +            (boots unavailable)
Will    +....        (no amulet)
Stlth   ++           (no ring)
HPRegen 0.26/turn    (no ring)
MPRegen 0.12/turn

%: no passive effects
@: very quick
A: very small, no large weapons, unfitting armour, see invisible, speed 3
a: no special abilities


You were on level 6 of the Dungeon.
You visited 1 branch of the dungeon, and saw 6 of its levels.

You collected 251 gold pieces.

Inventory:

Hand Weapons
 a - a +0 shortbow
 i - a +1 dagger of flaming
Armour
 c - a +0 robe (worn)
 v - a +0 cloak (worn)
Jewellery
 d - a ring of positive energy
 l - a ring of magical power
 x - a +4 ring of protection
Scrolls
 b - 2 scrolls of butterflies
 e - 2 scrolls of fog {unknown}
 f - 4 scrolls of identify
 m - 2 scrolls of fear {unknown}
 o - a scroll of amnesia {unknown}
 p - a scroll of revelation {unknown}
 q - a scroll of immolation {unknown}
 r - a scroll of silence {unknown}
 w - a scroll of brand weapon {unknown}
Potions
 g - 3 potions of lignification {unknown}
 j - 2 potions of degeneration {unknown}
 k - a potion of berserk rage {unknown}
 n - 2 potions of heal wounds {unknown}
 s - a potion of experience {unknown}
 t - a potion of mutation {unknown}
 u - a potion of magic {unknown}
 z - a potion of invisibility {unknown}


   Skills:
 - Level 1.9 Fighting
 + Level 11.8 Ranged Weapons
 - Level 3.1 Dodging
 - Level 2.4 Stealth
 - Level 1.0 Spellcasting


You had 9 spell levels left.
You didn't know any spells.
Your spell library contained the following spells:

 Spells                   Type           Power      Damage    Failure   Level
 Lesser Beckoning         Tloc           0%         N/A       43%         2
 Gell's Gravitas          Tloc           0%         N/A       67%         3
 Teleport Other           Tloc           0%         N/A       67%         3
 Dispersal                Tloc           0%         N/A       100%        6


Dungeon Overview and Level Annotations

Branches:
Dungeon (6/15)
 Temple: D:4-7

Altars:
Elyvilon
Gozag
Wu Jian
Yredelemnul

Shops:
D:2 !


Innate Abilities, Weirdness & Mutations

You are very small and have problems with some larger weapons.
You are too small for most types of armour.
You have supernaturally acute eyesight. (SInv)
You cover ground extremely quickly. (Speed+++)


Message History

The orc warrior is almost dead.
The orc warrior throws a boomerang.
The boomerang hits you!
Fire: a) +0 shortbow
Press: ? - help, Q - select action Shift-Dir - straight line, f/p - orc warrior
Aim: an orc warrior, wielding a +0 short sword, wearing a +0 plate armour and quivering boomerangs (almost dead, 67% to hit)
You shoot an arrow.
The arrow hits the orc warrior but does no damage.
The orc warrior is almost dead.
Fire: a) +0 shortbow
Press: ? - help, Q - select action Shift-Dir - straight line, f/p - orc warrior
Aim: an orc warrior, wielding a +0 short sword, wearing a +0 plate armour and quivering boomerangs (almost dead, 67% to hit)
You shoot an arrow.
The arrow closely misses the orc warrior.
Fire: a) +0 shortbow
Press: ? - help, Q - select action Shift-Dir - straight line, f/p - orc warrior
Aim: an orc warrior, wielding a +0 short sword, wearing a +0 plate armour and quivering boomerangs (almost dead, 67% to hit)
You shoot an arrow.
The arrow barely misses the orc warrior.
Fire: a) +0 shortbow
Press: ? - help, Q - select action Shift-Dir - straight line, f/p - orc warrior
Aim: an orc warrior, wielding a +0 short sword, wearing a +0 plate armour and quivering boomerangs (almost dead, 67% to hit)
You shoot an arrow. The arrow hits the orc warrior.
The orc warrior is almost dead.
The orc warrior throws a boomerang.
The boomerang closely misses you.
Fire: a) +0 shortbow
Press: ? - help, Q - select action Shift-Dir - straight line, f/p - orc warrior
Aim: an orc warrior, wielding a +0 short sword, wearing a +0 plate armour and quivering boomerangs (almost dead, 67% to hit)
You shoot an arrow.
The arrow barely misses the orc warrior.
Fire: a) +0 shortbow
Press: ? - help, Q - select action Shift-Dir - straight line, f/p - orc warrior
Aim: an orc warrior, wielding a +0 short sword, wearing a +0 plate armour and quivering boomerangs (almost dead, 67% to hit)
You shoot an arrow. The arrow hits the orc warrior.
The orc warrior is almost dead.
The orc warrior hits you with a +0 short sword!
* * * LOW HITPOINT WARNING * * *
You are now empty-handed.
Okay, then.
The orc warrior throws a boomerang.
The boomerang hits you!
You die...

#.# #.# #.# #.#
#.# #<# ##### #.#
#########...# #.#
.......##.#.####@#
.......##.#...o..#
......)##.########
.......'o.#
.......####
.......# ......##
####### #


You could see an orc warrior.

Vanquished Creatures
  2 water moccasins (D:6)
  2 ice beasts
  2 ogres
  3 centaurs
  3 phantoms
  A scorpion (D:4)
  5 wights (D:6)
  2 hounds
  2 orc priests
  A jelly (D:6)
  An iguana (D:4)
  A sleepcap (D:5)
  Natasha (thrice) (D:3)
  An orc wizard (D:3)
  7 adders
  2 white imps (D:6)
  2 dart slugs
  26 orcs
  A ball python (D:1)
  6 endoplasms
  3 giant cockroaches
  8 goblins
  3 hobgoblins
  3 jackals (D:2)
  3 quokkas
  3 bats
  4 frilled lizards
  10 kobolds
  4 rats
114 creatures vanquished.

Vanquished Creatures (others)
  A hound (D:6)
  2 orc priests (D:6)
3 creatures vanquished.

Grand Total: 117 creatures vanquished

Notes
Turn   | Place    | Note
-------+----------+-------------------------------------------
     0 | D:1      | anacleto the Spriggan Hunter began the quest for the Orb.
     0 | D:1      | Reached XP level 1. HP: 10/10 MP: 2/2
   180 | D:1      | Reached XP level 2. HP: 15/15 MP: 3/3
   318 | D:1      | Reached skill level 1 in Spellcasting
   502 | D:1      | Reached XP level 3. HP: 18/18 MP: 5/5
   593 | D:2      | Found Taeduot's Distillery.
  1292 | D:3      | Noticed Natasha
  1319 | D:3      | Killed Natasha
  1320 | D:3      | Reached skill level 5 in Ranged Weapons
  1320 | D:3      | Reached XP level 4. HP: 8/23 MP: 6/6
  1442 | D:3      | Noticed Natasha
  1705 | D:3      | Reached skill level 6 in Ranged Weapons
  1705 | D:3      | Reached XP level 5. HP: 4/26 MP: 7/7
  1947 | D:3      | Found an opulent altar of Gozag.
  2012 | D:3      | Found a basalt altar of Yredelemnul.
  2295 | D:4      | Noticed a phantom
  2326 | D:3      | Killed Natasha
  2392 | D:3      | Noticed Natasha
  2410 | D:3      | Killed Natasha
  2512 | D:3      | Killed a phantom
  2513 | D:3      | Reached skill level 7 in Ranged Weapons
  2513 | D:3      | Reached XP level 6. HP: 27/30 MP: 8/8
  2690 | D:4      | Found an ornate altar of the Wu Jian Council.
  2849 | D:4      | Reached skill level 8 in Ranged Weapons
  3119 | D:5      | Entered Level 5 of the Dungeon
  3177 | D:5      | Reached XP level 7. HP: 34/34 MP: 9/9
  3482 | D:5      | Reached skill level 9 in Ranged Weapons
  3966 | D:6      | Reached skill level 10 in Ranged Weapons
  3966 | D:6      | Reached XP level 8. HP: 39/39 MP: 10/10
  4578 | D:6      | Reached skill level 11 in Ranged Weapons
  4649 | D:6      | Found a white marble altar of Elyvilon.
  5799 | D:6      | HP: 1/39 [orc warrior/boomerang (7)]
  5994 | D:6      | Hit by a boomerang thrown by an orc warrior

Illustrated notes

Levels and vault maps discovered:
D:1:      roderic_dead_forest, layout_basic
D:2:      layout_basic, serial_shops, shop
D:3:      layout_loops_ring, nicolae_overflow_squiral, uniq_natasha
D:4:      layout_basic, nicolae_overflow_hidden_temple, minmay_misc_feat_chi,
          kennysheep_small_spiral
D:5:      layout_basic, serial_curves, eino_curves_02, eino_curves_04,
          minmay_fractal_squares_gapless_5
D:6:      layout_basic, mainiacjoe_overflow_alcove_1, lemuel_temple_firewalk_a

Skill      XL: |  1  2  3  4  5  6  7  8 |
---------------+-------------------------+-----
Stealth        | 2 |  2.4
Dodging        | 3 |  3.1
Spellcasting   | 1 |  1.0
Ranged Weapons | 5 6 7 8 10 11 | 11.8
Fighting       | |  1.9

Action                     |  1- 3 |  4- 6 |  7- 9 || total
---------------------------+-------+-------+-------++-------
  Melee: Dagger            |       |       |     6 ||     6
   Fire: Shortbow          |   130 |   154 |   298 ||   582
    Use: Scroll            |       |       |     4 ||     4
 Armour: Robe              |    15 |    10 |    49 ||    74
  Dodge: Dodged            |    29 |    18 |    69 ||   116

Table legend: (Time is in decaauts)
 A = Elapsed time spent in this place.
 B = Non-inter-level travel time spent in this place.
 C = Inter-level travel time spent in this place.
 D = Time resting spent in this place.
 E = Time spent auto-exploring this place.
 F = Levels seen in this place.
 G = Mean time per level.
                   A        B        C        D        E       F      G
               +--------+--------+--------+--------+--------+-----+--------+
         Total |   4353 |   4181 |    172 |    971 |   1862 |   6 |  725.5 |
       Dungeon |   4353 |   4181 |    172 |    971 |   1862 |   6 |  725.5 |
               +--------+--------+--------+--------+--------+-----+--------+

Top non-repeatable levels by time:
     D:6: 1152 daAuts
     D:5: 1028 daAuts
     D:3: 985 daAuts
     D:4: 403 daAuts
     D:1: 395 daAuts
     D:2: 387 daAuts
